 Dungeon Crawl Stone Soup version 0.28.0 (webtiles) character file.

Game seed: 6911930225720562250

1787 Morbidden the Slasher (level 8, 0/90 HPs)
             Began as a Palentonga Fighter on Feb 7, 2022.
             Slain by an ogre (10 damage)
             ... on level 6 of the Dungeon.
             The game lasted 00:11:36 (5822 turns).

Morbidden the Slasher (Palentonga Fighter)          Turns: 5822, Time: 00:11:36

Health: 0/90       AC: 24    Str: 25    XL:     8   Next: 82%
Magic:  8/8        EV:  1    Int: 12    God:
Gold:   247        SH:  4    Dex:  9    Spells: 7/7 levels left

rFire   . . .      SeeInvis +   a - +1 long sword
rCold   . . .      Faith    .   c - +0 buckler
rNeg    . . .      Spirit   .   (armour currently unavailable)
rPois   +          Reflect  .   (helmet currently unavailable)
rElec   .          Harm     .   (cloak currently unavailable)
rCorr   .          Rampage  .   (gloves currently unavailable)
Will    +....      NoTele   +   (no barding)
Stlth   +.........              (no amulet)
HPRegen 0.25/turn               i - +6 ring of strength
MPRegen 0.11/turn               d - ring of willpower

@: tree-form
A: stationary, stasis, torment immunity, boosted hp, large, rugged brown scales
3, see invisible, (deformed body), (roll 1), (armoured tail), (reflexive curl),
frail 1, mutation resistance 1
a: no special abilities


You were on level 6 of the Dungeon.
You were a tree.
You visited 1 branch of the dungeon, and saw 6 of its levels.
You also visited: Sewer.

You collected 247 gold pieces.

Inventory:

Hand Weapons
 a - a +1 long sword (weapon)
 m - a +0 short sword of holy wrath
Armour
 b - a +1 scale mail (melded)
 c - a +0 buckler (worn)
 g - a +0 cloak
Jewellery
 d - a ring of willpower (right branch)
 i - a +6 ring of strength (left branch)
Scrolls
 e - 4 scrolls of enchant weapon
 k - a scroll of torment {unknown}
 n - a scroll of fog
 q - a scroll of identify
Potions
 f - a potion of might
 h - 3 potions of haste
 j - 2 potions of heal wounds
 l - a potion of lignification
 p - a potion of magic {unknown}
 r - a potion of curing {unknown}


   Skills:
 * Level 5.3 Fighting
 * Level 7.6 Long Blades
 * Level 5.1 Armour
 * Level 3.3 Dodging
 + Level 0.6 Stealth
 + Level 3.1 Shields


You had 7 spell levels left.
You didn't know any spells.
Your spell library contained the following spells:

 Spells                   Type           Power      Damage    Failure   Level
 Confusing Touch          Hex            0%         N/A       77%         3
 Gell's Gravitas          Tloc           0%         N/A       77%         3
 Teleport Other           Tloc           0%         N/A       77%         3
 Yara's Violent Unravell  Hex/Tmut       0%         3d3       100%        5
 Dispersal                Tloc           0%         N/A       100%        6
 Enfeeble                 Hex            0%         N/A       100%        7


Dungeon Overview and Level Annotations

Branches:
Dungeon (6/15)              Sewer (visited)
 Temple: D:4-7

Altars:


Innate Abilities, Weirdness & Mutations

You are a tree.
Your roots penetrate the ground, keeping you stationary.
You cannot be teleported.
You are immune to unholy pain and torment.
Your maximum health is greatly increased.
Your equipment is partially melded.
(You are completely covered in rugged brown scales. (AC +3, +7% HP))
You have supernaturally acute eyesight. (SInv)
((Armour fits poorly on your strangely shaped body.))
((You can roll at nearby foes to attack.))
((You have a long armoured tail.))
((You curl defensively after being hit. (AC +7*)))
You are frail. (-10% HP)
You are somewhat resistant to further mutation.


Message History

You hit the orc priest.
You kill the orc priest!
The orc hits you but does no damage.
Unknown command.
You slash the phantom!
The phantom is moderately damaged.
The orc hits you but does no damage.
The phantom hits you but does no damage.
Unknown command.
You hit the phantom.
The phantom is heavily damaged.
The orc hits you but does no damage. You block the phantom's attack.
Unknown command.
You hit the orc.
The orc is heavily wounded.
You block the orc's attack.
The phantom hits you but does no damage.
Unknown command.
You hit the orc.
You kill the orc!
The phantom completely misses you.
Unknown command.
You cannot move.
Unknown command.
You barely miss the phantom.
The phantom is heavily damaged.
The phantom hits you but does no damage.
You hit the phantom but do no damage.
The phantom is heavily damaged.
The phantom hits you.
* * * LOW HITPOINT WARNING * * *
Unknown command.
You slash the phantom!
You destroy the phantom!
Unknown command.
Unknown command.
You barely miss the ogre.
The ogre is heavily wounded.
The ogre hits you with a +0 giant club!
You die...

....######...#O....# #.#
.........oWO.#.....# #.#
...........o##.....# #.#
.........o..##...>.########.#
###........##W..#..........#
#........##O#.##############
#...[....##o#.# #......#
#........##o#)# #.####.#
###########.#♣# #.# #.# #.#O#
#.# #.# #.#.# #.####<###
#.#.# #......... #...#
########## #####


You could see an ogre.

Vanquished Creatures
  Sigmund (D:2)
  A steam dragon (D:6)
  A sky beast (D:6)
  3 black bears
  An ogre (D:5)
  A centaur (D:5)
  A phantom (D:6)
  Blork the orc (D:6)
  A bullfrog (D:6)
  2 scorpions
  A howler monkey (D:5)
  A hound (D:5)
  4 orc priests
  2 bullfrog skeletons
  A jelly (D:5)
  4 orc wizards
  2 iguanas
  A hell rat (Sewer)
  A howler monkey skeleton (D:6)
  5 adders
  4 gnolls (D:4)
  4 river rats
  An adder skeleton (D:4)
  2 worms (D:2)
  5 dart slugs
  20 orcs
  7 endoplasms
  5 giant cockroaches
  6 hobgoblins
  4 jackals (D:5)
  4 quokkas
  7 ball pythons
  2 bats
  2 frilled lizards
  6 goblins
  11 kobolds
  19 rats
144 creatures vanquished.

Notes
Turn   | Place    | Note
-------+----------+-------------------------------------------
     0 | D:1      | Morbidden the Palentonga Fighter began the quest for the
                  | Orb.
     0 | D:1      | Reached XP level 1. HP: 19/19 MP: 1/1
   210 | D:1      | Reached XP level 2. HP: 21/25 MP: 2/2
   833 | D:2      | Noticed Sigmund
   841 | D:2      | Killed Sigmund
   842 | D:2      | Reached skill level 3 in Long Blades
   842 | D:2      | Reached skill level 1 in Dodging
   842 | D:2      | Reached XP level 3. HP: 20/32 MP: 3/3
   842 | D:2      | Reached XP level 4. HP: 25/39 MP: 4/4
   842 | D:2      | Reached XP level 5. HP: 28/44 MP: 5/5
  1536 | D:3      | Found a faded altar of an unknown god.
  1550 | D:3      | Reached skill level 4 in Long Blades
  1589 | D:3      | Reached XP level 6. HP: 43/51 MP: 6/6
  2501 | D:4      | Reached skill level 5 in Long Blades
  2629 | D:4      | Gained mutation: You curl defensively after being hit. (AC
                  | +7*) [Palentonga growth]
  2629 | D:4      | Reached XP level 7. HP: 57/57 MP: 7/7
  2851 | D:4      | Found a glowing drain.
  2865 | Sewer    | Entered a sewer
  2878 | Sewer    | Gained mutation: You are frail. (-10% HP) [potion of
                  | mutation]
  2878 | Sewer    | Gained mutation: You are somewhat resistant to further
                  | mutation. [potion of mutation]
  3606 | D:5      | Entered Level 5 of the Dungeon
  3903 | D:5      | Reached skill level 6 in Long Blades
  4283 | D:5      | Reached XP level 8. HP: 55/59 MP: 8/8
  5083 | D:6      | Noticed Blork the orc
  5090 | D:6      | Killed Blork the orc
  5335 | D:6      | Reached skill level 5 in Fighting
  5418 | D:6      | Reached skill level 7 in Long Blades
  5802 | D:6      | Reached skill level 5 in Armour
  5822 | D:6      | Slain by an ogre

Illustrated notes

Levels and vault maps discovered:
D:1:      psy_arrival_statuary, layout_loops_cross, moated_statue,
          minmay_misc_feat_chi
D:2:      layout_basic, uniq_sigmund
D:3:      layout_basic, nicolae_ecumenical_pavilion, skrybe_limestone_x,
          minmay_misc_feat_rows
D:4:      nicolae_cairo_tiling, layout_basic, portal_sewer_entry_e, minivault_5,
          hangedman_decor_growths
D:5:      layout_loops_corners, kennysheep_generic_room_12
D:6:      layout_basic, grunt_decor_cap, uniq_blork_the_orc

Skill      XL: |  1  2  3  4  5  6  7  8 |
---------------+-------------------------+-----
Long Blades    | 3 4 5 6 7 |  7.6
Armour         | 3 4 5 |  5.1
Dodging        | 1 2 3 |  3.3
Fighting       | 4 5 |  5.3
Shields        | 3 |  3.1
Stealth        | |  0.6

Action                   |  1- 3 |  4- 6 |  7- 9 || total
-------------------------+-------+-------+-------++-------
Melee: Long sword        |    51 |   127 |   233 ||   411
       Tailslap          |     4 |    14 |    20 ||    38
 Abil: Rolling Charge    |     6 |    14 |    14 ||    34
  Use: Potion            |     2 |     1 |     6 ||     9
       Scroll            |       |     4 |     2 ||     6
 Stab: Invisible         |       |       |     2 ||     2
Armor: Scale mail        |    24 |    54 |   149 ||   227
       Skin              |       |       |    23 ||    23
Dodge: Dodged            |    15 |    53 |   142 ||   210
Block: Buckler           |     7 |    26 |    74 ||   107
